 Dungeon Crawl Stone Soup version 0.25-a0-413-g3b4b6a4 (webtiles) character file.

Game seed: 12160363331475903079, levelgen mode: deterministic

37 BlueFish the Insei (level 3, -1/23 HPs)
             Began as an Octopode Transmuter on Jan 15, 2020.
             Killed by nerve-wracking pain
             ... invoked by Jessica
              (10 damage)
             ... on level 2 of the Dungeon.
             The game lasted 00:02:32 (925 turns).

BlueFish the Insei (Octopode Transmuter)             Turns: 925, Time: 00:02:32

Health: -1/23      AC:  2    Str: 10    XL:     3   Next: 39%
Magic:  4/6        EV: 20    Int: 15    God:
Gold:   30         SH:  0    Dex: 17    Spells: 0/6 levels left

rFire    . . .     SeeInvis .     - Unarmed
rCold    . . .     Gourm    .   (shield currently unavailable)
rNeg     . . .     Faith    .   (helmet currently unavailable)
rPois    x         Spirit   .   (no amulet)
rElec    .         Reflect  .   (no ring)
rCorr    .         Harm     .   (no ring)
MR       .....                  (no ring)
Stlth    ++........             (no ring)
HPRegen  0.07/turn              (no ring)
MPRegen  0.10/turn              (no ring)
                                (no ring)
                                (no ring)

@: spider-form (expiring)
A: tiny, almost no armour, stealthy swim, (amphibious), 8 rings, (constrict 8)
a: End Transformation


You were on level 2 of the Dungeon.
You were not hungry.
You were a venomous arachnid creature.
You visited 1 branch of the dungeon, and saw 2 of its levels.

You collected 30 gold pieces.

Inventory:

Missiles
 a - 12 arrows
Potions
 f - a potion of haste {unknown}
 h - 2 potions of curing
Comestibles
 c - 2 rations


   Skills:
 + Level 1.0 Fighting
 + Level 2.2 Dodging
 + Level 0.9 Stealth
 + Level 3.3 Unarmed Combat
 + Level 2.3 Spellcasting
 + Level 2.4 Transmutations
 * Level 0.4 Poison Magic


You couldn't memorise any spells.
You knew the following spells:

 Your Spells              Type           Power        Failure   Level  Hunger
a - Beastly Appendage     Tmut           #.....       21%         1    #......
b - Sticks to Snakes      Tmut           #.......     28%         2    ###....
c - Spider Form           Tmut/Pois      #.........   56%         3    ###....

Your spell library contained the following spells:

 Spells                   Type           Power        Failure   Level  Hunger
 Ice Form                 Ice/Tmut       #.......     91%         4    #####..
 Blade Hands              Tmut           #.........   98%         5    ######.


Dungeon Overview and Level Annotations

Branches:
Dungeon (2/15)

Altars:

Annotations:
D:2 Jessica


Innate Abilities, Weirdness & Mutations

You cannot wear most types of armour.
You are very stealthy in the water. (Stealth+)
((You are amphibious.))
You can wear up to eight rings at the same time.
((You can use your tentacles to constrict eight enemies at once.))
((Your skin changes colour to match your surroundings (Stealth+).))
((Your rubbery body absorbs attacks. (AC +1, EV +1)))


Message History

You hit Jessica.
Jessica is poisoned.
Jessica is moderately wounded.
Jessica hits you but does no damage.
The giant cockroach completely misses you.
You hit the giant cockroach but do no damage.
Jessica casts a spell at you. Pain shoots through your body!
The giant cockroach closely misses you.
You closely miss the giant cockroach. Jessica misses you.
The giant cockroach bites you.
You barely miss the giant cockroach.
Your transformation is almost over.
Jessica mumbles some strange words.
Jessica blinks!
The giant cockroach bites you.
You hit the goblin.
You kill the goblin!
The giant cockroach bites you but does no damage.
You barely miss the hobgoblin. The giant cockroach bites you.
Jessica casts a spell at you. Pain shoots through your body!
You die...

.........#
#.........#
#.........#
......... #.#....#
... ##.#.#..# ## ...
#.......#..## .....
#.gsg.........
#.....#.#s..@[......
#.....#.#.........##
#.................#
.......!...........
#.
#.#####.##.###.....
##..###.##.....#.#
..###
....................
..
........<#.#.#.#.#.#
...####.##.#.#.#.#..


You could see Jessica, a giant cockroach, a hobgoblin and a goblin.

Vanquished Creatures
  3 dart slugs (D:1)
  2 leopard geckos (D:1)
  A bat (D:1)
  A giant cockroach (D:1)
  6 hobgoblins (D:1)
  5 kobolds (D:1)
  3 frilled lizards
  A goblin (D:2)
  7 rats
29 creatures vanquished.

Notes
Turn   | Place    | Note
-------+----------+-------------------------------------------
     0 | D:1      | BlueFish the Octopode Transmuter began the quest for the
                  | Orb.
     0 | D:1      | Reached XP level 1. HP: 13/13 MP: 3/3
    45 | D:1      | Reached XP level 2. HP: 13/18 MP: 3/5
    49 | D:1      | Learned a level 2 spell: Sticks to Snakes
   451 | D:1      | Reached XP level 3. HP: 18/23 MP: 6/6
   456 | D:1      | Learned a level 3 spell: Spider Form
   910 | D:2      | Noticed Jessica
   925 | D:2      | Killed from afar by Jessica

Levels and vault maps discovered:
D:1:      dpeg_arrival_windows_large_door, layout_loops_cross
D:2:      layout_basic, regret_index_temple_of_mockery,
          chequers_serial_rivers_micro_c, nemelex_altar_shiori, uniq_jessica

Action                   || total
-------------------------++-------
Melee: Unarmed           ||    63
       Constrict         ||    15
       Kick              ||    12
       Tentacles         ||     7
 Cast: Beastly Appendage ||    10
       Spider Form       ||     1
  Use: Scroll            ||     5
 Stab: Sleeping          ||     6
Armor: Skin              ||     7
Dodge: Dodged            ||    32

Table legend:
 A = Non-vault XP
 B = Vault XP
 C = Vault XP percentage of total XP
 D = Non-vault monster count
 E = Vault monster count
 F = Vault count percentage of total count
                 A         B        C        D         E       F
            +---------+---------+-------+---------+---------+-------
      Total |      53 |       0 |   0.0 |      29 |       0 |   0.0
            +---------+---------+-------+---------+---------+-------
        D:1 |      50 |       0 |   0.0 |      26 |       0 |   0.0
        D:2 |       3 |       0 |   0.0 |       3 |       0 |   0.0
            +---------+---------+-------+---------+---------+-------
